 Dungeon Crawl Stone Soup version 0.31-a0-175-g9f7f995f2b (webtiles) character file.

Game seed: 16337372545208196606

12126 gelatine the Thaumaturge (level 11, 0/79 HPs)
             Began as a Demonspawn Fire Elementalist on June 16, 2023.
             Was a High Priest of Vehumet.
             Slain by a blink frog (14 damage)
             ... on level 2 of the Lair of Beasts.
             The game lasted 00:47:03 (13404 turns).

gelatine the Thaumaturge (DsFE)                    Turns: 13404, Time: 00:47:04

Health: 0/79       AC: 14    Str:  8    XL:     11   Next: 58%
Magic:  11/24      EV: 12    Int: 22    God:    Vehumet [*****.]
Gold:   433        SH:  4    Dex: 15    Spells: 2/28 levels left

rFire   . . .        T - +4 scimitar (freeze)
rCold   . . .        (no shield)
rNeg    . . .        O - +0 swamp dragon scales
rPois   +            (no helmet)
rElec   .            D - +2 cloak
rCorr   .            Q - +0 pair of gloves
SInv    .            v - +1 pair of boots
Will    .....        i - amulet of regeneration
Stlth   +            d - ring of flight
HPRegen 1.13/turn    j - +4 ring of slaying
MPRegen 0.19/turn

%: no passive effects
@: flying
A: spiny 2, big brain 1, condensation shield, weakness stinger 2
a: Renounce Religion


You were on level 2 of the Lair of Beasts.
You worshipped Vehumet.
Vehumet was extremely pleased with you.
You visited 3 branches of the dungeon, and saw 13 of its levels.
You also visited: Sewer and Bailey.

You collected 508 gold pieces.
You spent 75 gold pieces at shops.

Inventory:

Hand Weapons
 n - a +2 long sword of freezing
 B - a +2 dagger of speed
 H - a +1 falchion of flaming
 J - a +0 dagger of protection
 N - a +0 dagger of draining
 T - a +4 scimitar of freezing (weapon)
 U - a +3 falchion
 V - a +4 short sword
 Y - a +1 dagger of freezing
Armour
 m - a +0 leather armour
 v - a +1 pair of boots (worn)
 D - a +2 cloak (worn)
 E - a +2 robe of cold resistance
 L - a +2 ring mail of fire resistance
 M - a +0 ring mail of cold resistance
 O - +0 swamp dragon scales (worn)
 P - the +0 robe "Dualuwy" {Contam Will+++}
   (You found it on level 7 of the Dungeon)

   Contam:    It causes magical contamination when unequipped.
   Will:      It greatly increases your willpower.
 Q - a +0 pair of gloves (worn)
 Z - an orb of energy
Magical Staves
 h - a staff of death
 X - a staff of air
Jewellery
 b - an amulet of reflection
 d - a ring of flight (left hand)
 i - an amulet of regeneration (around neck)
 j - a +4 ring of slaying (right hand)
 F - a ring of protection from fire
Wands
 a - a wand of polymorph (15)
 C - a wand of flame (48)
 R - a wand of quicksilver (5)
 S - a wand of mindburst (12)
Scrolls
 e - 3 scrolls of poison
 f - a scroll of silence
 k - 5 scrolls of teleportation
 o - a scroll of noise
 q - a scroll of butterflies
 u - 2 scrolls of immolation
 A - a scroll of fear
 I - a scroll of fog
Potions
 c - 4 potions of haste
 g - 3 potions of ambrosia {unknown}
 l - a potion of lignification
 p - 2 potions of degeneration
 r - 2 potions of might
 s - a potion of brilliance
 t - 2 potions of attraction
 w - 4 potions of curing
 x - 4 potions of mutation {unknown}
 z - 3 potions of resistance {unknown}
 G - 4 potions of invisibility
 K - 2 potions of heal wounds
 W - a potion of cancellation


   Skills:
 * Level 5.1 Fighting
 + Level 1.6(1.8) Short Blades
 * Level 1.0(1.5) Long Blades
 + Level 2.8 Armour
 * Level 5.6 Dodging
 + Level 2.2 Stealth
 * Level 4.1 Shields
 * Level 9.1 Spellcasting
 + Level 4.7 Conjurations
 + Level 1.1 Hexes
 + Level 2.5 Translocations
 + Level 7.7 Fire Magic
 * Level 4.4 Air Magic
 * Level 4.1 Poison Magic
 + Level 3.1 Evocations


You had 2 spell levels left.
You knew the following spells:

 Your Spells              Type           Power      Damage    Failure   Level
a - Foxfire               Conj/Fire      100%       2x1d9     1%          1
b - Scorch                Fire           86%        2d8       1%          2
c - Volatile Blastmotes   Fire/Tloc      64%        2d15      1%          3
d - Inner Flame           Hex/Fire       29%        N/A       2%          3
e - Poisonous Vapours     Pois/Air       56%        N/A       1%          2
f - Flame Wave            Conj/Fire      37%        2d10      4%          4
g - Mephitic Cloud        Conj/Pois/Air  29%        N/A       2%          3
h - Sticky Flame          Conj/Fire      37%        2d6       4%          4
i - Olgreb's Toxic Radia  Pois           28%        N/A       10%         4

Your spell library contained the following spells:

 Spells                   Type           Power      Damage    Failure   Level
 Freezing Cloud           Conj/Ice/Air   11%        6-21      36%         5
 Beastly Appendage        Tmut           20%        N/A       19%         1
 Sublimation of Blood     Necr           10%        N/A       28%         2
 Wereblood                Tmut           10%        N/A       28%         2
 Hailstorm                Conj/Ice       20%        3d6       6%          3
 Ice Form                 Ice/Tmut       10%        N/A       88%         4
 Simulacrum               Ice/Necr       5%         N/A       100%        6
 Summon Hydra             Summ           5%         N/A       100%        7
 Discord                  Hex            7%         N/A       100%        8
 Ignition                 Fire           21%        3d8       100%        8


Dungeon Overview and Level Annotations

Branches:
Dungeon (10/15)            Temple (1/1) D:4            Lair (2/5) D:9
  Sewer (visited)          Bailey (visited)
  Swamp: Lair:2-3    Shoals: Lair:2-3     Snake: Lair:2-3    Spider: Lair:2-3
    Orc: D:9-12

Altars:
Ashenzari
Cheibriados
Dithmenos
Fedhas
Gozag
Hepliaklqana
Kikubaaqudgha
Makhleb
Nemelex Xobeh
Okawaru
Qazlal
Ru
Sif Muna
Trog
Uskayaw
Vehumet
Wu Jian
Xom
Yredelemnul

Shops:
D:9 *


Innate Abilities, Weirdness & Mutations

You are mostly covered in sharp spines.
You have an unusually large brain. (Int +2)
A meltable shield of frost defends you. (SH +4)
You have a tail ending in a sharp stinger.


Message History

Casting: Flame Wave (dangerous; 4% risk of failure)
Confirm with . or Enter, or press ? or * to list all spells.
Flames lash the blink frog.
The blink frog is moderately wounded.
The blink frog's fire resistance burns away.
The blink frog blinks!
Casting: Scorch (safe; 1% risk of failure)
Confirm with . or Enter, or press ? or * to list all spells.
Flames lash the blink frog.
The blink frog is heavily wounded.
The blink frog's fire resistance burns away.
The blink frog blinks!
The blink frog is struck by your spines.
The blink frog hits you.
The blink frog blinks!
You are too injured to fight recklessly!
Casting: Scorch (safe; 1% risk of failure)
Confirm with . or Enter, or press ? or * to list all spells.
You conjure some foxfire!
The blink frog blinks! x2
Casting: Foxfire (safe; 1% risk of failure)
Confirm with . or Enter, or press ? or * to list all spells.
Flames lash the blink frog.
The blink frog is moderately wounded.
The blink frog's fire resistance burns away.
The foxfire hits the blink frog!
The blink frog is burned terribly!
The blink frog is heavily wounded.
The foxfire hits the blink frog.
The blink frog is burned terribly!
The blink frog is moderately wounded.
The blink frog blinks!
Casting: Scorch (safe; 1% risk of failure)
Confirm with . or Enter, or press ? or * to list all spells.
Flames lash the blink frog.
The blink frog is burned terribly!
The blink frog is severely wounded.
The blink frog is no longer more vulnerable to fire.
The blink frog is struck by your spines.
The blink frog hits you but does no damage.
The blink frog is struck by your spines.
The blink frog hits you!
* * * LOW HITPOINT WARNING * * *
The blink frog hits you!
You die...

......
#....
##....
P...# #
#...# ...
#...##....
#.F..§....
#.@F..#
#.§.#.#
#.....>
##.F.....
#.........
#.........
#.........
..........


You could see 3 blink frogs.

Vanquished Creatures
  A two-headed ogre (D:8)
  Pikel (D:7)
  An orc knight (Bailey)
  A deep elf pyromancer (Bailey)
  Maurice (D:9)
  Maggie (D:7)
  6 cane toads (Lair:1)
  Grinder (D:3)
  Prince Ribbit (D:6)
  Sigmund (D:4)
  A wraith (D:10)
  A human (D:7)
  A basilisk (Lair:1)
  2 wyverns
  6 yaks (D:10)
  Grum (D:9)
  Menkaure (D:7)
  3 water moccasins
  2 ogres
  11 orc warriors
  A sky beast (D:7)
  4 wolves (D:9)
  5 centaurs
  2 phantoms (D:6)
  4 lemures (D:7)
  4 kobold brigands
  7 bullfrogs
  2 gnoll sergeants
  3 scorpions
  9 wights (D:8)
  6 killer bees (D:9)
  2 electric eels (D:3)
  5 hounds
  3 jellies
  3 orc priests
  An iguana (D:5)
  Terence (D:3)
  15 orc wizards
  11 gnolls
  5 river rats (Sewer)
  15 adders
  2 shadow imps
  2 white imps
  An ufetubus (D:6)
  2 worms
  5 dart slugs
  34 orcs
  3 bats
  9 endoplasms
  2 giant cockroaches (D:4)
  9 goblins
  2 hobgoblins (D:4)
  2 jackals (D:3)
  7 quokkas
  13 ball pythons
  4 frilled lizards
  19 kobolds
  30 rats
298 creatures vanquished.

Vanquished Creatures (collateral kills)
  3 foxfires (D:3)
3 creatures vanquished.

Vanquished Creatures (others)
  939 foxfires
939 creatures vanquished.

Grand Total: 1240 creatures vanquished

Notes
Turn   | Place    | Note
-------+----------+-------------------------------------------
     0 | D:1      | gelatine the Demonspawn Fire Elementalist began the quest
                  | for the Orb.
     0 | D:1      | Reached XP level 1. HP: 13/13 MP: 3/3
   400 | D:1      | Gained mutation: You have a small tail. [demonic ancestry]
   400 | D:1      | Reached XP level 2. HP: 19/19 MP: 1/5
   677 | D:1      | Found a faded altar of an unknown god.
  1250 | D:1      | Learned a level 2 spell: Scorch
  1447 | D:2      | Reached XP level 3. HP: 24/24 MP: 0/6
  1651 | D:2      | Found a radiant altar of Vehumet.
  1660 | D:2      | Became a worshipper of Vehumet
  1953 | D:3      | Found a burning altar of Makhleb.
  2070 | D:3      | Found a transporter.
  2070 | D:3      | Noticed Terence
  2086 | D:3      | Killed Terence
  2087 | D:3      | Gained mutation: You are partially covered in sharp spines.
                  | [demonic ancestry]
  2087 | D:3      | Reached XP level 4. HP: 25/30 MP: 0/7
  2443 | D:3      | You are sucked into a shaft and drop 3 floors!
  2446 | D:5      | Entered Level 5 of the Dungeon
  2481 | D:5      | Learned a level 3 spell: Volatile Blastmotes
  2620 | D:5      | Reached skill level 1 in Evocations
  2620 | D:5      | Reached XP level 5. HP: 36/36 MP: 0/9
  2990 | D:5      | Noticed an ogre
  3183 | D:4      | Reached skill level 1 in Fighting
  3183 | D:4      | Gained mutation: A meltable shield of frost defends you.
                  | (SH +4) [demonic ancestry]
  3183 | D:4      | Reached XP level 6. HP: 43/43 MP: 3/10
  3188 | D:4      | Found a glowing drain.
  3193 | Sewer    | Entered a sewer
  3319 | Sewer    | Reached * piety under Vehumet
  3319 | Sewer    | Offered knowledge of Kiss of Death by Vehumet.
  3320 | Sewer    | Reached skill level 3 in Spellcasting
  3557 | Sewer    | Reached skill level 1 in Armour
  4038 | Sewer    | Offered knowledge of Searing Ray by Vehumet.
  4046 | Sewer    | Reached ** piety under Vehumet
  4049 | Sewer    | Gained mutation: You have an unusually large brain. (Int
                  | +2) [demonic ancestry]
  4049 | Sewer    | Reached XP level 7. HP: 49/49 MP: 2/12
  4053 | Sewer    | Learned a level 3 spell: Inner Flame
  4264 | D:4      | Noticed Sigmund
  4382 | D:3      | Noticed Grinder
  4390 | D:3      | Killed Grinder
  4391 | D:3      | Reached skill level 4 in Spellcasting
  4391 | D:3      | Reached skill level 5 in Fire Magic
  4720 | D:3      | Found a transporter.
  4819 | D:3      | Found a bloodstained altar of Trog.
  5191 | D:4      | Offered knowledge of Poisonous Vapours by Vehumet.
  5197 | D:4      | Learned a level 2 spell: Poisonous Vapours
  5221 | D:4      | Killed Sigmund
  5222 | D:4      | Reached XP level 8. HP: 47/57 MP: 1/15
  5561 | D:4      | Found a staircase to the Ecumenical Temple.
  5572 | Temple   | Entered the Ecumenical Temple
  6008 | D:5      | Found an ornate altar of the Wu Jian Council.
  6042 | D:5      | Reached skill level 1 in Translocations
  6124 | D:5      | Reached *** piety under Vehumet
  6125 | D:5      | Reached skill level 1 in Hexes
  6520 | D:5      | Found a snail-covered altar of Cheibriados.
  6622 | D:5      | Offered knowledge of Mephitic Cloud by Vehumet.
  6943 | D:6      | Reached skill level 1 in Poison Magic
  7133 | D:6      | Reached skill level 5 in Spellcasting
  7310 | D:6      | Reached skill level 1 in Air Magic
  7478 | D:6      | Noticed Prince Ribbit
  7485 | D:6      | Killed Prince Ribbit
  7486 | D:6      | Gained mutation: You are mostly covered in sharp spines.
                  | [demonic ancestry]
  7486 | D:6      | Reached XP level 9. HP: 62/62 MP: 5/16
  7988 | D:6      | Reached skill level 1 in Shields
  7993 | D:6      | Learned a level 4 spell: Flame Wave
  7997 | D:6      | Learned a level 3 spell: Mephitic Cloud
  8034 | D:7      | Found a flagged portal.
  8044 | Bailey   | Entered a bailey
  8183 | Bailey   | Reached skill level 6 in Spellcasting
  8282 | Bailey   | Reached **** piety under Vehumet
  8491 | Bailey   | Found a large runed translucent door.
  8491 | Bailey   | Found a large runed translucent door.
  8492 | Bailey   | Noticed a deep elf pyromancer
  8493 | Bailey   | Noticed an orc knight
  8535 | Bailey   | Killed an orc knight
  8535 | Bailey   | Offered knowledge of Sticky Flame by Vehumet.
  8734 | Bailey   | Killed a deep elf pyromancer
  8735 | Bailey   | Reached skill level 7 in Spellcasting
  8735 | Bailey   | Reached XP level 10. HP: 70/70 MP: 1/20
  9056 | D:7      | Found a stormy altar of Qazlal.
  9247 | D:7      | Noticed Menkaure
  9252 | D:7      | Killed Menkaure
  9399 | D:7      | Noticed Maggie
  9412 | D:7      | Killed Maggie
  9593 | D:7      | Noticed Pikel
  9620 | D:7      | Killed Pikel
  9794 | D:7      | Identified the +0 robe "Dualuwy" {Contam Will+++}
  9913 | D:7      | Found an iron altar of Okawaru.
 10421 | D:8      | Noticed a two-headed ogre
 10437 | D:8      | Killed a two-headed ogre
 10438 | D:8      | Reached skill level 1 in Short Blades
 10438 | D:8      | Reached skill level 5 in Dodging
 10560 | D:8      | Reached skill level 8 in Spellcasting
 10689 | D:8      | Found a hazy altar of Hepliaklqana.
 11038 | D:8      | Found an ancient bone altar of Kikubaaqudgha.
 11116 | D:8      | Found a sparkling altar of Nemelex Xobeh.
 11625 | D:9      | Learned a level 4 spell: Sticky Flame
 11656 | D:9      | Found a broken altar of Ashenzari.
 11674 | D:9      | Gained mutation: You have a tail ending in a sharp stinger.
                  | [demonic ancestry]
 11674 | D:9      | Reached XP level 11. HP: 78/78 MP: 10/23
 11771 | D:9      | Found Vempa's General Store.
 11779 | D:9      | Bought a potion of heal wounds for 75 gold pieces
 11791 | D:9      | Found a staircase to the Lair.
 11823 | D:9      | Noticed Maurice
 11842 | D:9      | Killed Maurice
 12100 | D:9      | Identified the +0 ring mail of the Wasteland {-Cast rPois
                  | rF+++ Regen+}
 12141 | D:9      | Found a shimmering altar of Xom.
 12188 | D:9      | Found a hide-covered altar of Uskayaw.
 12228 | D:9      | Reached ***** piety under Vehumet
 12271 | D:9      | Noticed Grum
 12294 | D:9      | Killed Grum
 12294 | D:9      | Offered knowledge of Freezing Cloud by Vehumet.
 12337 | D:9      | Found a shimmering blue altar of Sif Muna.
 12366 | D:9      | Got Sif Muna's Excursus on Variation
 12438 | D:10     | Entered Level 10 of the Dungeon
 12867 | D:10     | Learned a level 4 spell: Olgreb's Toxic Radiance
 13292 | D:10     | Found an opulent altar of Gozag.
 13373 | Lair:1   | Entered Level 1 of the Lair of Beasts
 13385 | Lair:1   | Reached skill level 5 in Fighting
 13389 | Lair:1   | Reached skill level 9 in Spellcasting
 13392 | Lair:1   | Reached skill level 1 in Long Blades
 13404 | Lair:2   | Slain by a blink frog

Illustrated notes

Levels and vault maps discovered:
D:1:      saegor_arrival_simple_a, layout_loops_corners,
          chequers_ecumenical_altar_twisty
D:2:      layout_rooms, basic_altar
D:3:      gammafunk_steamed_eel, layout_basic, trog_butcher_becter,
          mainiacjoe_overflow_six_doors_small, uniq_grinder, uniq_terence
D:4:      layout_rooms, minmay_temple_entry_overgrown, gup_sewer_entry_bowl,
          serial_rivers, chequers_serial_rivers_micro_c,
          chequers_serial_rivers_micro_d, chequers_serial_rivers_large_a,
          chequers_serial_rivers_micro_d, chequers_serial_rivers_room_a,
          uniq_sigmund
D:5:      layout_loops_corners, mainiacjoe_overflow_paths,
          mainiacjoe_overflow_small_starburst
D:6:      layout_loops_ring, serial_park_tiny_1, uniq_prince_ribbit1
D:7:      layout_gridville, pf_just_have_faith, okawaru_humans,
          elyvilon_altar_5, enter_bailey_6, uniq_pikel, uniq_maggie,
          uniq_menkaure
D:8:      layout_gridville, mainiacjoe_overflow_24_doors,
          overflow_temple_1_default, minitemple
D:9:      layout_roguey, lemuel_round_altar, mainiacjoe_overflow_tiny_flanked,
          led_sif_book, kennysheep_little_box, serial_shops, shop,
          serial_park_tiny_2, uniq_grum, uniq_maurice
D:10:     layout_roguey, mainiacjoe_overflow_alcove_2, grunt_decor_one_mirror,
          minmay_orc_keep
Temple:   hellmonk_temple_micro_hex
Lair:1:   wad_woods_pond, layout_gridlike, minivault_19, beast_lair_carwin_10
Lair:2:   layout_regular_city, enter_volcano_4, dreamdust_wasp_nest,
          serial_bayou_shore_a

Skill      XL: |  1  2  3  4  5  6  7  8  9 10 11 |
---------------+----------------------------------+-----
Fire Magic     | 3 4 5 6 7 |  7.7
Dodging        | 2 3 4 5 |  5.6
Conjurations   | 2 3 4 |  4.7
Evocations     | 1 2 3 |  3.1
Fighting       | 1 2 3 4 5 |  5.1
Spellcasting   | 3 4 5 7 8 9 |  9.1
Armour         | 1 2 |  2.8
Stealth        | 2 |  2.2
Translocations | 2 |  2.5
Hexes          | 1 |  1.1
Poison Magic   | 1 2 3 4 |  4.1
Air Magic      | 1 2 4 |  4.4
Shields        | 2 3 4 |  4.1
Short Blades   | 1 |  1.6
Long Blades    | 1 |  1.0

Action                     |  1- 3 |  4- 6 |  7- 9 | 10-12 || total
---------------------------+-------+-------+-------+-------++-------
  Melee: Dagger            |    12 |    22 |    58 |    32 ||   124
         Unarmed           |     2 |       |       |       ||     2
         Tailslap          |     5 |     1 |     3 |    13 ||    22
         Punch             |       |       |     3 |       ||     3
         Falchion          |       |       |       |     3 ||     3
         Short sword       |       |       |       |    48 ||    48
         Scimitar          |       |       |       |     7 ||     7
   Cast: Foxfire           |    69 |   114 |   177 |   192 ||   552
         Scorch            |     2 |    13 |    60 |    50 ||   125
         Volatile Blastmot |       |       |    34 |    20 ||    54
         Poisonous Vapours |       |       |     7 |       ||     7
         Mephitic Cloud    |       |       |     3 |     5 ||     8
         Flame Wave        |       |       |       |     7 ||     7
    Use: Scroll            |       |       |     9 |    12 ||    21
         Potion            |       |       |     5 |     2 ||     7
 Armour: Robe              |     2 |       |       |       ||     2
         Leather armour    |       |     5 |    21 |     5 ||    31
         Swamp dragon scal |       |       |       |    45 ||    45
  Dodge: Dodged            |    15 |    26 |    47 |    78 ||   166
  Block: Other             |       |     1 |    10 |    18 ||    29

Table legend: (Time is in decaauts)
 A = Elapsed time spent in this place.
 B = Non-inter-level travel time spent in this place.
 C = Inter-level travel time spent in this place.
 D = Time resting spent in this place.
 E = Time spent auto-exploring this place.
 F = Levels seen in this place.
 G = Mean time per level.
                   A        B        C        D        E       F      G
               +--------+--------+--------+--------+--------+-----+--------+
         Total |  13356 |  12906 |    450 |      0 |  10472 |  15 |  890.4 |
       Dungeon |  11532 |  11083 |    449 |      0 |   9159 |  10 | 1153.2 |
        Temple |      1 |      1 |      0 |      0 |      0 |   1 |    1.0 |
          Lair |     31 |     31 |      0 |      0 |      0 |   2 |   15.5 |
         Sewer |    974 |    974 |      0 |      0 |    806 |   1 |  974.0 |
        Bailey |    815 |    815 |      0 |      0 |    506 |   1 |  815.0 |
               +--------+--------+--------+--------+--------+-----+--------+

Top non-repeatable levels by time:
     D:5: 1799 daAuts
     D:8: 1401 daAuts
     D:3: 1389 daAuts
     D:1: 1252 daAuts
     D:7: 1248 daAuts
     D:6: 1118 daAuts
     D:9: 979 daAuts
   Sewer: 974 daAuts
    D:10: 846 daAuts
     D:4: 840 daAuts
  Bailey: 815 daAuts
     D:2: 656 daAuts
  Lair:1: 26 daAuts
  Lair:2: 4 daAuts
  Temple: 1 daAuts
